[Event "Late-Titled-Tuesday-Blitz-May-07-2024"]
[Site "Chess.com"]
[Date "2024.05.07"]
[Round "10"]
[White "ansko1999"]
[Black "ACollins05"]
[Result "1-0"]
[WhiteElo "2657"]
[BlackElo "2537"]
[TimeControl "180+1"]
[EndTime "15:53:57 PDT"]
[Termination "ansko1999 won by resignation"]

1. Nc3 d5 2. e4 dxe4 3. Nxe4 Bf5 4. Qf3 Bxe4 5. Qxe4 c6 6. Bc4 Nf6 7. Qe2 e6 8. Nf3 Be7 9. O-O O-O 10. a4 a5 11.
d3 Nbd7 12. Bf4 Nd5 13. Bg3 Bf6 14. c3 Re8 15. d4 N7b6 16. Bd3 Be7 17. Ne5 Nf6 18.
f4 c5 19. Bb5 Rf8 20. dxc5 Bxc5+ 21. Kh1 Qd5 22. Rad1 Qe4 23. Qd2 Nbd5 24. Rfe1 Be3 25. Qd3 Qxd3 26. Nxd3 Ne4 27. c4 Nxg3+ 28. hxg3 Bd2 29.
Rxd2 1-0

[Event "Late-Titled-Tuesday-Blitz-May-07-2024"]
[Site "Chess.com"]
[Date "2024.05.07"]
[Round "10"]
[White "Polish_fighter3000"]
[Black "Arek_pacitan"]
[Result "1-0"]
[WhiteElo "3109"]
[BlackElo "2767"]
[TimeControl "180+1"]
[EndTime "15:53:59 PDT"]
[Termination "Polish_fighter3000 won by resignation"]

1. Nc3 Nf6 2. e4 e5 3. f4 Nc6 4. fxe5 Nxe5 5. d4 Ng6 6. e5 Ng8 7. Nf3 d6 8. Bc4 dxe5 9. O-O Nf6 10. Ng5 Qxd4+ 11. Qxd4 exd4 12. Nb5 Bd6 13. Nxf7 Kd7 14.
Nbxd6 cxd6 15. Nxh8 Nxh8 16. Bg5 Ne4 17. Bf4 Ng6 18.
Rae1 Nf6 19. Bg5 Ne5 20. Bxf6 gxf6 21. Bd3 Ke7 22. Bxh7 Be6 23. Rf4 Bxa2 24. b3 Rh8 25. Bd3 Kf7 26. Rxd4 Rg8 27. Rxe5 dxe5 28. Ra4 Bb1 29.
Ra1 1-0

[Event "Late-Titled-Tuesday-Blitz-May-07-2024"]
[Site "Chess.com"]
[Date "2024.05.07"]
[Round "10"]
[White "lilylg"]
[Black "maurovargas01"]
[Result "1-0"]
[WhiteElo "2206"]
[BlackElo "1952"]
[TimeControl "180+1"]
[EndTime "15:54:01 PDT"]
[Termination "lilylg won on time"]

1. d4 d5 2. c4 c6 3. cxd5 cxd5 4. Bf4 h5 5. Nc3 Nc6 6. h4 Nf6 7. e3 Bg4 8. f3 Bf5 9. Bd3 Bxd3 10. Qxd3 e6 11. a3 Bd6 12. Bxd6 Qxd6 13. Nge2 a6 14.
Rc1 g6 15. b4 b5 16. Nf4 Rc8 17. Nxg6 fxg6 18. Qxg6+ Ke7 19. Qg7+ Ke8 20. Qxh8+ Qf8 21. Qxf8+ Kxf8 22. Ne2 Nd7 23. Kf2 Nb6 24. Nf4 Ke7 25. Nxh5 Nc4 26. Nf4 1-0

[Event "Late-Titled-Tuesday-Blitz-May-07-2024"]
[Site "Chess.com"]
[Date "2024.05.07"]
[Round "10"]
[White "imdvb6307"]
[Black "sammartin99"]
[Result "1-0"]
[WhiteElo "2511"]
[BlackElo "2597"]
[TimeControl "180+1"]
[EndTime "15:54:11 PDT"]
[Termination "imdvb6307 won by resignation"]

1. d4 Nf6 2. Nf3 g6 3. c4 Bg7 4.
Nc3 d5 5. Bf4 O-O 6. Rc1 c5 7. dxc5 Qa5 8. cxd5 Ne4 9. Be5 Nxc3 10. Bxc3 Bxc3+ 11. Rxc3 Qxa2 12. Qd2 Rd8 13. e4 Qb1+ 14.
Qc1 Qxe4+ 15. Re3 Qxd5 16. Bc4 Qd7 17. Bxf7+ Kf8 18. O-O Nc6 19. Ng5 Qf5 20. Rf3 1-0

[Event "Late-Titled-Tuesday-Blitz-May-07-2024"]
[Site "Chess.com"]
[Date "2024.05.07"]
[Round "10"]
[White "jinxy2009"]
[Black "balack95"]
[Result "1-0"]
[WhiteElo "2302"]
[BlackElo "2471"]
[TimeControl "180+1"]
[EndTime "15:54:12 PDT"]
[Termination "jinxy2009 won by checkmate"]

1. e4 c6 2. d4 d5 3. e5 Bf5 4.
h4 h5 5. Bd3 Bxd3 6. Qxd3 e6 7.
Bg5 Qb6 8. Nd2 Nd7 9. c4 Qxb2 10.
Rb1 Qxa2 11. Rxb7 Qa6 12. Rb1 Be7 13. Ngf3 Bxg5 14. Nxg5 Ne7 15. O-O g6 16. Qf3 O-O 17. g4 hxg4 18. Qxg4 Kg7 19. h5 gxh5 20. Qxh5 Rh8 21.
Qxf7+ Kh6 22. Rb3 Rag8 23. Rh3+ Kxg5 24. Nf3+ Kg4 25. Rg3# 1-0

[Event "Late-Titled-Tuesday-Blitz-May-07-2024"]
[Site "Chess.com"]
[Date "2024.05.07"]
[Round "10"]
[White "HipsterChess22"]
[Black "Arteler"]
[Result "1-0"]
[WhiteElo "2208"]
[BlackElo "2236"]
[TimeControl "180+1"]
[EndTime "15:54:19 PDT"]
[Termination "HipsterChess22 won by checkmate"]

1. d4 d5 2. Nc3 e6 3. e4 Nf6 4.
exd5 Nxd5 5. Ne4 Nf6 6. Nxf6+ Qxf6 7. Nf3 Nc6 8. Bg5 Qf5 9. Bd3 Qa5+ 10. Bd2 Qb6 11.
O-O Be7 12. c3 O-O 13. b4 Bf6 14. Qc2 Ne7 15. Bxh7+ Kh8 16. Bd3 Nd5 17. a3 Qd6 18. Rfe1 g6 19. g3 Kg7 20. Ne5 Bxe5 21. dxe5 Qd7 22.
Bg5 b6 23. c4 Ne7 24. Bf6+ Kg8 25. Be4 Rb8 26. Rad1 Qe8 27. Qd2 Bb7 28. Qh6 Nf5 29. Qh8# 1-0

[Event "Late-Titled-Tuesday-Blitz-May-07-2024"]
[Site "Chess.com"]
[Date "2024.05.07"]
[Round "10"]
[White "rynos0411"]
[Black "Bryanl106"]
[Result "0-1"]
[WhiteElo "2545"]
[BlackElo "2703"]
[TimeControl "180+1"]
[EndTime "15:54:29 PDT"]
[Termination "Bryanl106 won by resignation"]

1. Nf3 Nf6 2. g3 g6 3. Bg2 Bg7 4. O-O O-O 5. d4 d6 6. c4 Nc6 7. Nc3 Bg4 8. h3 Bxf3 9. Bxf3 Nd7 10. e3 e5 11. d5 Ne7 12. e4 Kh8 13. Bg2 Ng8 14.
Be3 Bh6 15. f4 f5 16. Qd2 Qe7 17. Rae1 Qg7 18. b4 a5 19. a3 axb4 20. axb4 Ngf6 21. exf5 gxf5 22. fxe5 Bxe3+ 23. Qxe3 Nxe5 24. Rxf5 Ra3 25. Ref1 Nxc4 26. Qd4 Ne5 27. g4 Nfd7 28. Nb5 Rxf5 29. Rxf5 c6 30. dxc6 bxc6 31. Qxd6 Ra1+ 32. Kh2 cxb5 33.
Qc7 Qe7 34. Bd5 Nxg4+ 35. hxg4 Qh4+ 36. Kg2 Qxg4+ 37. Qg3 Rg1+ 0-1

[Event "Late-Titled-Tuesday-Blitz-May-07-2024"]
[Site "Chess.com"]
[Date "2024.05.07"]
[Round "10"]
[White "kemelgallo"]
[Black "ImportedItalianMaple"]
[Result "1-0"]
[WhiteElo "2671"]
[BlackElo "2543"]
[TimeControl "180+1"]
[EndTime "15:54:32 PDT"]
[Termination "kemelgallo won by resignation"]

1. e4 g6 2. d4 Bg7 3. Nc3 d5 4.
exd5 Nf6 5. Bc4 Nbd7 6. Nf3 Nb6 7.
Bb3 a5 8. a4 Nbxd5 9. Nxd5 Nxd5 10. O-O O-O 11. Ne5 c5 12. dxc5 Bxe5 13. Qxd5 Qc7 14.
f4 Bf6 15. Be3 Be6 16. Qe4 Bxb3 17. cxb3 Bxb2 18. Rad1 Rad8 19. h4 Qc6 20. Qxc6 bxc6 21. Kf2 e6 22. Rd6 Rxd6 23. cxd6 Ba3 24. Rd1 Rd8 25.
d7 c5 26. f5 f6 27. fxe6 Kf8 28. Bf4 Ke7 29. Bc7 1-0

[Event "Late-Titled-Tuesday-Blitz-May-07-2024"]
[Site "Chess.com"]
[Date "2024.05.07"]
[Round "10"]
[White "FredddieCroderg"]
[Black "rhwr"]
[Result "0-1"]
[WhiteElo "2382"]
[BlackElo "2295"]
[TimeControl "180+1"]
[EndTime "15:54:39 PDT"]
[Termination "rhwr won by resignation"]

1. e4 c5 2. Bc4 e6 3. Qf3 a6 4. d3 Nc6 5. Nc3 b5 6. Bb3 Nd4 7. Qg3 d6 8. Nf3 Nxb3 9. axb3 h6 10.
Nxb5 Bb7 11. Nc3 Nf6 12. e5 dxe5 13. Nxe5 Nh5 14. Qh3 Nf6 15. Qg3 Nd5 16. Ne4 Nf6 17. Nxf6+ gxf6 18. Nc4 Be7 19. Bd2 Kf8 20. O-O h5 21. h4 f5 22. Bg5 Bxg5 23. Qxg5 Rg8 24. Qh6+ Ke8 25. f3 Qxh4 26. Nd6+ Ke7 27. Nxb7 Rxg2+ 0-1

[Event "Late-Titled-Tuesday-Blitz-May-07-2024"]
[Site "Chess.com"]
[Date "2024.05.07"]
[Round "10"]
[White "Olkaa"]
[Black "Eloist"]
[Result "0-1"]
[WhiteElo "2603"]
[BlackElo "2450"]
[TimeControl "180+1"]
[EndTime "15:54:42 PDT"]
[Termination "Eloist won by resignation"]

1. e4 e6 2. d4 d5 3. Bd3 dxe4 4. Bxe4 Nf6 5. Bf3 c5 6. Ne2 Nc6 7. Be3 cxd4 8. Nxd4 Ne5 9. Nc3 a6 10. Qe2 Nxf3+ 11. gxf3 Nd5 12. Nxd5 Qxd5 13. O-O-O Qxa2 14. Nb3 Be7 15. Rhg1 O-O 16. Bd4 g6 17. Qe5 f6 18.
Qc7 Rf7 19. Bb6 e5 20. Rd8+ Bxd8 21. Qxd8+ Kg7 22. h4 Be6 23. Qxa8 Bxb3 24. Rd1 Qa1+ 25. Kd2 Rd7+ 0-1

[Event "Late-Titled-Tuesday-Blitz-May-07-2024"]
[Site "Chess.com"]
[Date "2024.05.07"]
[Round "10"]
[White "VictorFcQNK"]
[Black "katharinareinecke"]
[Result "1-0"]
[WhiteElo "2107"]
[BlackElo "1932"]
[TimeControl "180+1"]
[EndTime "15:54:43 PDT"]
[Termination "VictorFcQNK won by checkmate"]

1. d4 c6 2. e4 d5 3. Nc3 b5 4. e5 Bf5 5. Be2 e6 6. g4 Bg6 7.
h4 h5 8. gxh5 Bh7 9. Bg5 Be7 10.
Nf3 f6 11. Bf4 Nd7 12. Rg1 Kf7 13. Bd3 fxe5 14. Bxe5 Ngf6 15. Ng5+ Ke8 16. Bxh7 Nxh7 17. Nxe6 Qa5 18. Nxg7+ Kf7 19. Qg4 Nhf6 20. Bxf6 Kxf6 21. Qe6# 1-0

[Event "Late-Titled-Tuesday-Blitz-May-07-2024"]
[Site "Chess.com"]
[Date "2024.05.07"]
[Round "10"]
[White "Yaacovn"]
[Black "OparinGrigoriy"]
[Result "1-0"]
[WhiteElo "2860"]
[BlackElo "2982"]
[TimeControl "180+1"]
[EndTime "15:54:46 PDT"]
[Termination "Yaacovn won by resignation"]

1. d4 d5 2. Nf3 Nf6 3. c4 e6 4. Bg5 Nbd7 5. e3 h6 6. Bh4 Bb4+ 7. Nc3 c5 8. cxd5 g5 9. dxe6 gxh4 10.
exd7+ Bxd7 11. Bc4 h3 12. g3 O-O 13. O-O Bg4 14.
Be2 Re8 15. Rc1 Rc8 16. a3 Ba5 17. dxc5 Bxc3 18. Qxd8 Rexd8 19. Rxc3 Ne4 20. Rc2 Bxf3 21. Bxf3 Nd2 22. Bxb7 Nxf1 23. Kxf1 Rc7 24. c6 Rd1+ 25. Ke2 Rh1 26. Rd2 Rc1 27. b4 Kf8 28. Kf3 Rh1 29. b5 Rxh2 30. Rd1 Re7 31. a4 Kg7 32. a5 Re5 33. c7 Rf5+ 34. Ke4 1-0

[Event "Late-Titled-Tuesday-Blitz-May-07-2024"]
[Site "Chess.com"]
[Date "2024.05.07"]
[Round "10"]
[White "WPWPWP-2015"]
[Black "PhileKhoob"]
[Result "1-0"]
[WhiteElo "2448"]
[BlackElo "2340"]
[TimeControl "180+1"]
[EndTime "15:54:48 PDT"]
[Termination "WPWPWP-2015 won by resignation"]

1. e4 c6 2. d4 d5 3. Nc3 dxe4 4.
Nxe4 Nf6 5. Nxf6+ exf6 6. Nf3 Bd6 7. h3 O-O 8. Be2 Re8 9. O-O g6 10. c3 Nd7 11. Be3 Nf8 12. Qd2 Ne6 13. Rfe1 Bd7 14. c4 Ng7 15. Rad1 Nf5 16. Bf4 Qc7 17. Bxd6 Qxd6 18.
b4 Qf8 19. c5 Rad8 20. d5 cxd5 21. Nd4 Bc6 22. Nxf5 gxf5 23. Bd3 Re5 24. Qf4 Rde8 25.
Re3 Rxe3 26. fxe3 Qe7 27. Qxf5 Qxe3+ 28. Kh1 d4 29. Qxh7+ Kf8 30. Qh4 Ke7 31. Re1 Bxg2+ 32.
Kxg2 Rg8+ 33. Kh1 Rg1+ 34. Rxg1 Qf3+ 35. Kh2 1-0

[Event "Late-Titled-Tuesday-Blitz-May-07-2024"]
[Site "Chess.com"]
[Date "2024.05.07"]
[Round "10"]
[White "Alexei_Gubajdullin"]
[Black "DeTimmerman"]
[Result "0-1"]
[WhiteElo "2559"]
[BlackElo "2767"]
[TimeControl "180+1"]
[EndTime "15:54:50 PDT"]
[Termination "DeTimmerman won on time"]

1. Nf3 Nf6 2. g3 e6 3. Bg2 d5 4.
O-O Be7 5. b3 O-O 6. Bb2 b6 7.
d3 Bb7 8. Nbd2 Nbd7 9. c4 c5 10. e3 Qc7 11. Qe2 Rac8 12. Rae1 Rfd8 13. e4 dxc4 14.
dxc4 Nb8 15. e5 Nfd7 16. Ne4 Nf8 17. h4 Nc6 18. Nfg5 h6 19. Nf6+ Bxf6 20. exf6 hxg5 21. hxg5 Nd4 22. Qh5 Ng6 23. Re4 Nf5 0-1

[Event "Late-Titled-Tuesday-Blitz-May-07-2024"]
[Site "Chess.com"]
[Date "2024.05.07"]
[Round "10"]
[White "ExchangeAB"]
[Black "lluiss"]
[Result "1-0"]
[WhiteElo "2415"]
[BlackElo "2243"]
[TimeControl "180+1"]
[EndTime "15:54:53 PDT"]
[Termination "ExchangeAB won by resignation"]

1. d4 Nf6 2. Bf4 g6 3. Nc3 d5 4. e3 Bg7 5. h4 h5 6. Nf3 O-O 7. Ne5 c5 8. Qd2 Nc6 9. O-O-O c4 10. f3 Bf5 11. Be2 Nb4 12. g4 Bxc2 13. Rdg1 hxg4 14.
a3 gxf3 15. axb4 Be4 16. Bxf3 Bxf3 17. Nxf3 Qb6 18. Be5 a5 19. Bxf6 exf6 20. b5 Qd6 21. h5 g5 22. h6 Bh8 23. Nh4 Kh7 24. Qc2+ Kg8 25. h7+ 1-0

[Event "Late-Titled-Tuesday-Blitz-May-07-2024"]
[Site "Chess.com"]
[Date "2024.05.07"]
[Round "10"]
[White "AlexeiShirov"]
[Black "secretworker2027"]
[Result "1-0"]
[WhiteElo "2905"]
[BlackElo "2684"]
[TimeControl "180+1"]
[EndTime "15:54:54 PDT"]
[Termination "AlexeiShirov won by checkmate"]

1. e4 c5 2. Nf3 Nc6 3. d4 cxd4 4. Nxd4 e5 5. Nb5 d6 6. c4 Be7 7. N5c3 Be6 8. Nd5 Nf6 9. Nbc3 O-O 10. Bd3 Nd4 11. O-O Nxd5 12. cxd5 Bd7 13. Be3 f5 14. Bxd4 exd4 15. Ne2 fxe4 16. Bxe4 Bf6 17. Nxd4 Qb6 18. Ne6 Qxb2 19. Rb1 Qe5 20. Re1 Qc3 21. Qh5 g6 22. Qg4 Bd4 23. Kh1 Rf7 24. Rec1 Qa3 25. Rc7 Qxa2 26.
Rcxb7 Be5 27. Bxg6 hxg6 28. Qxg6+ Bg7 29. Rb8+ Rf8 30.
Qxg7# 1-0

[Event "Late-Titled-Tuesday-Blitz-May-07-2024"]
[Site "Chess.com"]
[Date "2024.05.07"]
[Round "10"]
[White "mfschulz"]
[Black "dianamirza"]
[Result "1-0"]
[WhiteElo "2337"]
[BlackElo "1959"]
[TimeControl "180+1"]
[EndTime "15:55:00 PDT"]
[Termination "mfschulz won by resignation"]

1. d4 Nf6 2. Bg5 c6 3. Bxf6 exf6 4. c4 Bb4+ 5. Nc3 O-O 6. e3 d5 7. Qb3 Bxc3+ 8. bxc3 dxc4 9. Bxc4 Nd7 10. Nf3 Nb6 11.
Bd3 Be6 12. c4 a5 13. O-O a4 14. Qc2 g6 15. a3 f5 16. Rab1 Qc7 17. Rb4 Nd7 18.
Rfb1 Rfb8 19. Ng5 h6 20. Nxe6 fxe6 21. c5 Nf6 22. Bc4 Nd5 23. Bxd5 exd5 24. Rxa4 Rxa4 25.
Qxa4 b5 26. cxb6 Rxb6 27. Rxb6 Qxb6 28. Qb4 Qc7 29. g3 Kf7 30. a4 Ke6 31. a5 Qd6 32.
Qb7 Qa3 33. Qxc6+ Kf7 34. Qxd5+ Ke7 35. Kg2 1-0

[Event "Late-Titled-Tuesday-Blitz-May-07-2024"]
[Site "Chess.com"]
[Date "2024.05.07"]
[Round "10"]
[White "Godzillator"]
[Black "MikeSailer"]
[Result "1-0"]
[WhiteElo "2351"]
[BlackElo "2131"]
[TimeControl "180+1"]
[EndTime "15:55:01 PDT"]
[Termination "Godzillator won by resignation"]

1. e4 d5 2. exd5 Qxd5 3. Nc3 Qd6 4. Nf3 c6 5. d4 Bg4 6. h3 Bh5 7. g4 Bg6 8. Bg2 Nf6 9. O-O e6 10. Ne5 Nbd7 11. Bf4 Nxe5 12. Bxe5 Qb4 13. a3 Qa5 14. b4 Qd8 15. b5 Nd5 16. Nxd5 cxd5 17. c4 f6 18. Bg3 Be7 19. cxd5 exd5 20. Qb3 Bf7 21. Rac1 O-O 22. Rc7 Bd6 23. Bxd6 Qxd6 24. Rxb7 Rfb8 25. Rxf7 Kxf7 26. Qxd5+ Qxd5 27. Bxd5+ Ke7 28. Bxa8 Rxa8 29. Rb1 Kd6 30. Kg2 Kd5 31. Rb4 a5 32. bxa6 Rxa6 33. a4 Ke4 34. Kg3 g5 35. f3+ Kd3 36. d5 Kc3 37.
Rb7 Rxa4 38. Rxh7 Kd4 39. d6 Ke5 40. d7 Rd4 41. Re7+ 1-0

[Event "Late-Titled-Tuesday-Blitz-May-07-2024"]
[Site "Chess.com"]
[Date "2024.05.07"]
[Round "10"]
[White "TheDiscoOne"]
[Black "protectiago"]
[Result "1-0"]
[WhiteElo "2483"]
[BlackElo "2079"]
[TimeControl "180+1"]
[EndTime "15:55:04 PDT"]
[Termination "TheDiscoOne won on time"]

1. c4 c5 2. g3 Nc6 3. Bg2 g6 4.
Nc3 Bg7 5. d3 e5 6. Be3 d6 7.
Qd2 Be6 8. h4 h5 9. Nf3 Nge7 10.
Ng5 Bd7 11. O-O-O a6 12. f4 O-O 13. Bf3 Nf5 14. Rdg1 Nxe3 15. Qxe3 Nd4 16. g4 Nxf3 17. exf3 exf4 18. Qxf4 Be5 19. Qd2 hxg4 20. h5 Qf6 21. Nd5 Qd8 22. f4 Bd4 23. hxg6 Bxg1 24. Rxg1 fxg6 25.
Qh2 Rf7 26. Nxf7 Kxf7 27. Qh7+ Kf8 28. Rh1 Be6 29. Qxb7 Rb8 30. Rh8+ Bg8 31. Qh7 1-0

[Event "Late-Titled-Tuesday-Blitz-May-07-2024"]
[Site "Chess.com"]
[Date "2024.05.07"]
[Round "10"]
[White "Stanbad1"]
[Black "Byniolus"]
[Result "0-1"]
[WhiteElo "2616"]
[BlackElo "2836"]
[TimeControl "180+1"]
[EndTime "15:55:08 PDT"]
[Termination "Byniolus won by resignation"]

1. d4 d6 2. Nc3 Nf6 3. e4 c6 4.
Be3 Qb6 5. Rb1 Ng4 6. Bc1 e5 7. Nf3 Nd7 8. h3 Ngf6 9. Be3 Qc7 10. dxe5 dxe5 11. a4 Bc5 12. Qd2 O-O 13. Bxc5 Nxc5 14.
Qe3 Ne6 15. g3 Rd8 16. Bd3 Nd4 17. Nd2 h6 18. Ne2 Bxh3 19. Nxd4 exd4 20. Qf4 Qd7 21. Nc4 Bg2 22. Rh2 Bxe4 23. Bxe4 Nxe4 24. Qxe4 Re8 25.
Ne5 Rxe5 26. Qxe5 Re8 27. Qxe8+ Qxe8+ 28. Kd2 c5 29. b3 Qe4 30. Rh4 Qf3 31. Rf4 Qc3+ 32.
Kd1 g5 33. Re4 Qf3+ 34. Re2 d3 35. cxd3 Qxd3+ 36. Rd2 Qxb1+ 0-1

[Event "Late-Titled-Tuesday-Blitz-May-07-2024"]
[Site "Chess.com"]
[Date "2024.05.07"]
[Round "10"]
[White "ZachHKL"]
[Black "Bala-Afiada"]
[Result "1-0"]
[WhiteElo "2311"]
[BlackElo "2003"]
[TimeControl "180+1"]
[EndTime "15:55:08 PDT"]
[Termination "ZachHKL won by resignation"]

1. e4 c5 2. Nf3 Nc6 3. d4 cxd4 4. Nxd4 Nf6 5. Nc3 d6 6. Bg5 e6 7. f4 Be7 8. Qd2 O-O 9. O-O-O Nxd4 10. Qxd4 Qa5 11.
Kb1 h6 12. Bh4 e5 13. fxe5 dxe5 14. Qd3 Rd8 15. Qe2 Bg4 16. Rxd8+ Rxd8 17. Qe3 Bb4 18. Bxf6 gxf6 19. Bc4 Bxc3 20. bxc3 Kg7 21. Qg3 Qb6+ 22. Bb3 a5 23. Qxg4+ Kf8 24. Qh5 Rd7 25. Qxh6+ Ke8 26. Ka1 a4 27. Bxa4 Qc5 28. Bxd7+ Kxd7 29. Rd1+ Kc7 30.
Kb2 Qa5 31. Qxf6 Qb5+ 32. Kc1 1-0

[Event "Late-Titled-Tuesday-Blitz-May-07-2024"]
[Site "Chess.com"]
[Date "2024.05.07"]
[Round "10"]
[White "RuperezA"]
[Black "djano"]
[Result "1-0"]
[WhiteElo "2656"]
[BlackElo "2536"]
[TimeControl "180+1"]
[EndTime "15:55:09 PDT"]
[Termination "RuperezA won by resignation"]

1. e4 c5 2. Nf3 g6 3. d4 cxd4 4. Qxd4 Nf6 5. Nc3 Nc6 6. Qa4 d6 7. e5 dxe5 8. Nxe5 Bd7 9. Nxd7 Nxd7 10. Bb5 Bg7 11. Be3 O-O 12. O-O Nb6 13. Qh4 Nd5 14.
Rad1 e6 15. Bg5 Qb6 16. Nxd5 exd5 17. Rxd5 Nb4 18. Be3 Qe6 19. Rc5 Nc6 20. Bxc6 bxc6 21. b3 Rfe8 22. Rd1 Bf6 23. Qc4 Qe7 24. Rxc6 Rad8 25.
Rxd8 Qxd8 26. g3 Be5 27. Kg2 h5 28. h4 Qd7 29. Rxg6+ Kh7 30. Rg5 Qb7+ 31. Kh2 Qf3 32. Qd3+ Kh8 33. Qf5 Qxf5 34. Rxf5 Bc3 35. Rxh5+ Kg7 36.
Rc5 Bf6 37. h5 a6 38. Rc6 Be5 39. Kg2 Rd8 40. g4 Rd1 41. g5 Ra1 42. a4 a5 43. Rc5 f6 44. Rxa5 1-0

[Event "Late-Titled-Tuesday-Blitz-May-07-2024"]
[Site "Chess.com"]
[Date "2024.05.07"]
[Round "10"]
[White "nabukatnezarr"]
[Black "giomar27"]
[Result "1-0"]
[WhiteElo "2596"]
[BlackElo "2466"]
[TimeControl "180+1"]
[EndTime "15:55:11 PDT"]
[Termination "nabukatnezarr won by resignation"]

1. b3 e5 2. Bb2 d6 3. e3 f5 4. c4 Nf6 5. Nc3 g6 6. d4 e4 7. h4 h6 8. Nh3 Bg7 9. Be2 O-O 10.
Nf4 Kh7 11. d5 Qe7 12. Nb5 Na6 13. Qc2 Nc5 14. b4 Na6 15. a3 c6 16. dxc6 bxc6 17. Nd4 Bd7 18. h5 Nxh5 19. Nxg6 Kxg6 20. Bxh5+ Kh7 21.
Ne2 Be5 22. Nf4 Bxb2 23. Qxb2 Qe5 24. O-O-O Rad8 25. Bg6+ Kg7 26. Rxd6 Qxb2+ 27. Kxb2 Bc8 28. Nh5+ Kh8 29. Rhd1 Rxd6 30. Rxd6 Nb8 31. g3 Nd7 32. Kc3 Ne5 33. Nf4 Ng4 34. Bh5 Ne5 35. Rxh6+ Kg7 36. Rd6 Rh8 37. b5 cxb5 38. cxb5 Bd7 39. Kd4 1-0

[Event "Late-Titled-Tuesday-Blitz-May-07-2024"]
[Site "Chess.com"]
[Date "2024.05.07"]
[Round "10"]
[White "brouetoscope"]
[Black "rdarruda"]
[Result "1-0"]
[WhiteElo "2363"]
[BlackElo "2546"]
[TimeControl "180+1"]
[EndTime "15:55:13 PDT"]
[Termination "brouetoscope won by resignation"]

1. e4 c5 2. Nf3 Nc6 3. Bb5 g6 4. O-O Bg7 5. Re1 e5 6. Bxc6 bxc6 7. c3 Ne7 8. d4 cxd4 9. cxd4 exd4 10. Nxd4 O-O 11.
Nc3 Qb6 12. Nb3 d5 13. Be3 Qc7 14. exd5 Nxd5 15. Nxd5 cxd5 16. Bd4 Be6 17. Bxg7 Kxg7 18. Rc1 Qb6 19. Qd4+ Kg8 20. Qxb6 axb6 21. a3 Rac8 22. f3 Rc4 23. Nd2 Rd4 24. Red1 Rc8 25. Rxc8+ Bxc8 26. Kf2 Bf5 27. Ke3 Rd3+ 28. Ke2 Rd4 29. g4 Be6 30. b3 g5 31. Rc1 h5 32. h3 hxg4 33. hxg4 f5 34. Rc6 Kf7 35. gxf5 Bxf5 36. Rxb6 Rd3 37.
a4 Rc3 38. a5 Rc2 39. a6 Ra2 40.
b4 d4 41. b5 Bc8 42. Rb8 Bd7 43. Rb7 Ke6 44. a7 Bxb5+ 45. Rxb5 Rxa7 46. Rxg5 Ra3 47. Rb5 Re3+ 48. Kf2 Ra3 49. Rb3 Ra2 50. Ke2 Kd5 51. Kd3 Ra5 52. f4 Rc5 53. Nf3 Rc3+ 54. Rxc3 dxc3 55. Ne1 Ke6 56. Ng2 Kf5 57. Kxc3 Ke4 58.
Kc4 Kf3 59. f5 1-0

[Event "Late-Titled-Tuesday-Blitz-May-07-2024"]
[Site "Chess.com"]
[Date "2024.05.07"]
[Round "10"]
[White "RantomOpening"]
[Black "Chessdude1987"]
[Result "1-0"]
[WhiteElo "2503"]
[BlackElo "2393"]
[TimeControl "180+1"]
[EndTime "15:55:13 PDT"]
[Termination "RantomOpening won by resignation"]

1. Nc3 d5 2. e4 e6 3. Nf3 Nf6 4.
e5 Nfd7 5. d4 c5 6. dxc5 Nc6 7.
Bd3 Bxc5 8. Bf4 f6 9. exf6 Nxf6 10. O-O O-O 11. Bg3 Bd6 12. Qe2 Bxg3 13. hxg3 a6 14.
Rfe1 Qd6 15. Ne5 Nxe5 16. Qxe5 Qxe5 17. Rxe5 Ng4 18. Re2 Bd7 19. Rae1 Rae8 20. Nd1 Rf7 21. Ne3 Nf6 22. c4 Rc8 23. cxd5 exd5 24. Nf5 Ne4 25. Bxe4 Bxf5 26. Bxd5 Kf8 27. Bxf7 Kxf7 28. Re7+ Kf6 29. Rxb7 Rc2 30. Rb6+ Kg5 31. Rxa6 h5 32. b4 h4 33.
gxh4+ Kxh4 34. b5 Rb2 35. a4 Bc2 36. Rc6 Kg5 37. Rc5+ Kf6 38. a5 Bd3 39. b6 Rb1 40.
Rxb1 Bxb1 41. a6 1-0

[Event "Late-Titled-Tuesday-Blitz-May-07-2024"]
[Site "Chess.com"]
[Date "2024.05.07"]
[Round "10"]
[White "TigrVShlyape"]
[Black "Franmu14"]
[Result "1-0"]
[WhiteElo "2958"]
[BlackElo "2742"]
[TimeControl "180+1"]
[EndTime "15:55:15 PDT"]
[Termination "TigrVShlyape won by resignation"]

1. e4 e5 2. Nf3 Nc6 3. Bb5 a6 4. Ba4 Nge7 5. c3 g6 6. d4 exd4 7. cxd4 Bg7 8. Nc3 O-O 9. d5 b5 10. Bc2 Nb4 11. Bb3 a5 12. a3 Na6 13. Nxb5 Nc5 14. Bc2 a4 15. O-O Ba6 16. Nxc7 Bxf1 17. Nxa8 Bxg2 18. Kxg2 Qxa8 19. Be3 d6 20. Bxc5 dxc5 21.
Bxa4 Nc8 22. e5 Nb6 23. Bc6 Qc8 24. Rc1 Rd8 25. h3 Qf5 26. Rxc5 Bxe5 27. d6 Rxd6 28. Qb3 Re6 29. Qxb6 Qf4 30. Rxe5 1-0

[Event "Late-Titled-Tuesday-Blitz-May-07-2024"]
[Site "Chess.com"]
[Date "2024.05.07"]
[Round "10"]
[White "betta2004"]
[Black "Kostukov_Alex"]
[Result "1-0"]
[WhiteElo "2487"]
[BlackElo "2371"]
[TimeControl "180+1"]
[EndTime "15:55:18 PDT"]
[Termination "betta2004 won on time"]

1. Nf3 g6 2. e3 Bg7 3. d4 d6 4. b3 e5 5. dxe5 dxe5 6. Qxd8+ Kxd8 7. Bb2 f6 8. Nbd2 Nd7 9. O-O-O c6 10. Ne4 Kc7 11. Nd6 Nh6 12. Bc4 Nb6 13. h3 Rd8 14.
Nxc8 Nxc4 15. Rxd8 Kxd8 16. Rd1+ Kxc8 17. bxc4 Kc7 18.
g4 Nf7 19. Nd2 Rd8 20. Ne4 Rxd1+ 21. Kxd1 b6 22. f4 exf4 23. exf4 Nd6 24. Bxf6 Nxe4 25.
Bxg7 Nf2+ 26. Ke2 Nxh3 27. Kf3 Kd7 28. Be5 g5 29. f5 Ng1+ 30. Kf2 Nh3+ 31. Kg2 Nf4+ 32.
Bxf4 gxf4 33. Kf3 b5 34. cxb5 cxb5 35. Kxf4 a5 36. Ke5 Ke7 37. g5 Kf7 38. Kd5 b4 39.
Kc4 Ke7 40. Kb5 Kd6 41. Kxa5 1-0

[Event "Late-Titled-Tuesday-Blitz-May-07-2024"]
[Site "Chess.com"]
[Date "2024.05.07"]
[Round "10"]
[White "cristianserban1"]
[Black "crescentmoon2411"]
[Result "1-0"]
[WhiteElo "2657"]
[BlackElo "2855"]
[TimeControl "180+1"]
[EndTime "15:55:21 PDT"]
[Termination "cristianserban1 won by resignation"]

1. Nf3 g6 2. b3 Bg7 3. d4 c5 4.
Bb2 c4 5. bxc4 Nf6 6. e3 O-O 7. Bd3 d6 8. O-O b6 9. Nbd2 Bb7 10. e4 Nbd7 11. Qe2 e5 12. d5 Nc5 13. Nb3 Nh5 14. Nxc5 Nf4 15. Qd1 bxc5 16. Re1 Bc8 17. Bf1 Rb8 18. Rb1 f5 19. g3 fxe4 20. Nd2 e3 21. Rxe3 Nh3+ 22. Bxh3 Bxh3 23. Ne4 Bf5 24. Qe2 Bxe4 25. Rxe4 Qd7 26. Re3 Rf7 27. Rb3 Rbf8 28. Rf1 h5 29. h4 Kh7 30. Bc1 Qf5 31. Kg2 e4 32. Bf4 Be5 33. Bxe5 Qxe5 34. Re3 Re7 35. Re1 Rfe8 36. Rb3 a5 37. Reb1 Qd4 38. Rb7 a4 39. Qe3 Qg7 40. Rxe7 Rxe7 41. Rb6 Qf6 42. Qf4 Qxf4 43.
gxf4 e3 44. fxe3 Rxe3 45. Rxd6 Rc3 46. Ra6 Rxc2+ 47. Kf3 Rc3+ 48. Ke4 Rxc4+ 49. Ke5 Rd4 50. d6 Kg7 51. Ra5 Rd2 52. Rxc5 Re2+ 53. Kd5 Kf6 54. Kc6 Rxa2 55. d7 Rd2 56. Kc7 a3 57.
d8=Q+ Rxd8 58. Kxd8 a2 59. Ra5 a1=Q 60. Rxa1 Kf5 61.
Rg1 1-0

[Event "Late-Titled-Tuesday-Blitz-May-07-2024"]
[Site "Chess.com"]
[Date "2024.05.07"]
[Round "10"]
[White "GothamChess"]
[Black "Iball95"]
[Result "0-1"]
[WhiteElo "2732"]
[BlackElo "2912"]
[TimeControl "180+1"]
[EndTime "15:55:28 PDT"]
[Termination "Iball95 won on time"]

1. e4 c5 2. Nc3 e6 3. d4 cxd4 4. Qxd4 Nc6 5. Qd3 a6 6. Bf4 b5 7.
O-O-O Bb7 8. Kb1 Nf6 9. e5 Nb4 10. Qe2 Nfd5 11. Nxd5 Bxd5 12. a3 Ba2+ 13. Ka1 Bc4 14.
Qd2 Nd5 15. Nf3 Rc8 16. Be3 Qc7 17. Kb1 Be7 18. Bd3 h6 19. Rhe1 b4 20. a4 Nc3+ 21. Kc1 Na2+ 22. Kb1 Nc3+ 23. bxc3 bxc3 24. Qc1 Rb8+ 25.
Ka1 Qc6 26. Bxc4 Qxa4+ 27. Ba2 Ba3 28. Qxa3 Qxa3 29. Rb1 Rb2 0-1